TOP OF THE 1ST |
Milwaukee Brewers batting - Pitching for Los Angeles Dodgers : RHP Grayson Rodriguez
|
Pitching: RHP Grayson Rodriguez
|
|
Batting: RHB Bo Bichette
|
0-0: Foul Ball, location: 2F 0-1: Ball 1-1: Ball 2-1: Foul Ball, location: 25F 2-2: Fly out, F9 (Flyball, 9, EV 98.8 MPH)
|
Batting: SHB Dylan Carlson
|
0-0: DOUBLE (Flyball, 8RXD, EV 102.5 MPH)
|
Batting: RHB Oswald Peraza
|
0-0: Ball 1-0: Called Strike 1-1: Ball 2-1: Swinging Strike 2-2: Foul Ball, location: 7LSF 2-2: Foul Ball, location: 5F 2-2: Ground out U3 (Groundball, 34, EV 89.4 MPH) Dylan Carlson to third
|
Batting: LHB Daulton Varsho
|
0-0: Ground out U3 (Groundball, 34, EV 86.3 MPH)
|
Top of the 1st over - 0 runs, 1 hit, 0 errors, 1 left on base; Milwaukee 0 - Los Angeles 0 |
BOTTOM OF THE 1ST |
Los Angeles Dodgers batting - Pitching for Milwaukee Brewers : RHP Marcus Stroman
|
Pitching: RHP Marcus Stroman
|
|
Batting: LHB Michael Brantley
|
0-0: Ball 1-0: Called Strike 1-1: Foul Ball, location: 2F 1-2: Foul Ball, location: 2F 1-2: Ground out 4-3 (Groundball, 4M, EV 93.1 MPH)
|
Batting: RHB Jonathan Schoop
|
0-0: Fly out, F3 (Popup, 3F, EV 63.8 MPH)
|
Batting: LHB Jazz Chisholm Jr.
|
0-0: Called Strike 0-1: Swinging Strike 0-2: Ball 1-2: Fly out, F8 (Line Drive, 8RM, EV 89.4 MPH)
|
Bottom of the 1st over - 0 runs, 0 hits, 0 errors, 0 left on base; Milwaukee 0 - Los Angeles 0 |
TOP OF THE 2ND |
Milwaukee Brewers batting - Pitching for Los Angeles Dodgers : RHP Grayson Rodriguez
|
Batting: LHB Eric Hosmer
|
0-0: Ball 1-0: Ball 2-0: Called Strike 2-1: Foul Ball, location: 3FF 2-2: Fly out, F9 (Flyball, 9LS, EV 95.6 MPH)
|
Batting: LHB Kyle Stowers
|
0-0: Ball 1-0: Ball 2-0: Bunt - Flyout to 2L! F2
|
Batting: LHB Matt Mervis
|
0-0: Called Strike 0-1: Called Strike 0-2: Foul Ball, location: 3F 0-2: Ball 1-2: Ball 2-2: Fly out, F9 (Flyball, 9LM, EV 88.8 MPH)
|
Top of the 2nd over - 0 runs, 0 hits, 0 errors, 0 left on base; Milwaukee 0 - Los Angeles 0 |
BOTTOM OF THE 2ND |
Los Angeles Dodgers batting - Pitching for Milwaukee Brewers : RHP Marcus Stroman
|
Batting: RHB Andrew Vaughn
|
0-0: Called Strike 0-1: Fly out, F8 (Flyball, 8RXD, EV 105.6 MPH)
|
Batting: RHB Spencer Torkelson
|
0-0: Foul Ball, location: 5F 0-1: Called Strike 0-2: Strikes out swinging
|
Batting: SHB Eduardo Escobar
|
0-0: Ball 1-0: Called Strike 1-1: Swinging Strike 1-2: Ground out 4-3 (Groundball, 4D, EV 97.5 MPH)
|
Bottom of the 2nd over - 0 runs, 0 hits, 0 errors, 0 left on base; Milwaukee 0 - Los Angeles 0 |
TOP OF THE 3RD |
Milwaukee Brewers batting - Pitching for Los Angeles Dodgers : RHP Grayson Rodriguez
|
Batting: RHB Tyler Stephenson
|
0-0: Swinging Strike 0-1: Called Strike 0-2: Ball 1-2: Strikes out looking
|
Batting: RHB Orlando Arcia
|
0-0: Called Strike 0-1: Ball 1-1: Foul Ball, location: 3FF 1-2: Strikes out swinging
|
Batting: RHB Bo Bichette
|
0-0: Fly out, F5 (Popup, 56S, EV 80.6 MPH)
|
Top of the 3rd over - 0 runs, 0 hits, 0 errors, 0 left on base; Milwaukee 0 - Los Angeles 0 |
BOTTOM OF THE 3RD |
Los Angeles Dodgers batting - Pitching for Milwaukee Brewers : RHP Marcus Stroman
|
Batting: LHB Ji-man Choi
|
0-0: Called Strike 0-1: Ball 1-1: Ball 2-1: Ball 3-1: Base on Balls
|
Batting: RHB Travis d'Arnaud
|
0-0: Called Strike 0-1: Sac Bunt to 13 - play at first, batter OUT! 1-3 Ji-man Choi to second
|
Batting: RHB Miguel Rojas
|
0-0: Ball 1-0: Called Strike 1-1: Fly out, F6 (Popup, 6, EV 68.8 MPH)
|
Batting: LHB Michael Brantley
|
0-0: Called Strike 0-1: Foul Ball, location: 2F 0-2: Fly out, F9 (Flyball, 89M, EV 99.4 MPH)
|
Bottom of the 3rd over - 0 runs, 0 hits, 0 errors, 1 left on base; Milwaukee 0 - Los Angeles 0 |
TOP OF THE 4TH |
Milwaukee Brewers batting - Pitching for Los Angeles Dodgers : RHP Grayson Rodriguez
|
Batting: SHB Dylan Carlson
|
0-0: Ball 1-0: Ball 2-0: Called Strike 2-1: Swinging Strike 2-2: Strikes out swinging
|
Batting: RHB Oswald Peraza
|
0-0: Fly out, F2 (Popup, 23F, EV 80.0 MPH)
|
Batting: LHB Daulton Varsho
|
0-0: Reached on error, E6 (Groundball, 56, EV 85.6 MPH)
|
Batting: LHB Eric Hosmer
|
0-0: Called Strike 0-1: Ball 1-1: Foul Ball, location: 7LDF 1-2: Strikes out swinging
|
Top of the 4th over - 0 runs, 0 hits, 1 error, 1 left on base; Milwaukee 0 - Los Angeles 0 |
BOTTOM OF THE 4TH |
Los Angeles Dodgers batting - Pitching for Milwaukee Brewers : RHP Marcus Stroman
|
Batting: RHB Jonathan Schoop
|
0-0: Bunt for hit to 2R - play at first, batter OUT! 2-3
|
Batting: LHB Jazz Chisholm Jr.
|
0-0: Ball 1-0: Swinging Strike 1-1: Foul Ball, location: 5F 1-2: Foul Ball, location: 23F 1-2: Ball 2-2: Strikes out swinging
|
Batting: RHB Andrew Vaughn
|
0-0: Called Strike 0-1: Ball 1-1: SINGLE (Groundball, 56D, EV 100.6 MPH)
|
Batting: RHB Spencer Torkelson
|
0-0: Ball 1-0: Swinging Strike 1-1: Ball 2-1: Called Strike 2-2: Foul Ball, location: 7LMF 2-2: Foul Ball, location: 2F 2-2: Ball 3-2: Ground out 4-3 (Groundball, 4, EV 85.0 MPH)
|
Bottom of the 4th over - 0 runs, 1 hit, 0 errors, 1 left on base; Milwaukee 0 - Los Angeles 0 |
TOP OF THE 5TH |
Milwaukee Brewers batting - Pitching for Los Angeles Dodgers : RHP Grayson Rodriguez
|
Batting: LHB Kyle Stowers
|
0-0: Called Strike 0-1: Swinging Strike 0-2: Strikes out looking
|
Batting: LHB Matt Mervis
|
0-0: Called Strike 0-1: Ball 1-1: DOUBLE (Flyball, 8RXD, EV 88.8 MPH)
|
Batting: RHB Tyler Stephenson
|
0-0: Called Strike 0-1: Foul Ball, location: 25FF 0-2: SINGLE (Groundball, 34S, EV 68.1 MPH) (infield hit) Matt Mervis to third
|
Batting: RHB Orlando Arcia
|
0-0: Ball 1-0: Fielders Choice at 2nd, 2-4 (Groundball, 2L, EV 70.0 MPH)
|
Batting: RHB Bo Bichette
|
0-0: Swinging Strike 0-1: Ball 1-1: Ball 2-1: Ball 3-1: Base on Balls Orlando Arcia to second
|
Batting: SHB Dylan Carlson
|
0-0: Called Strike 0-1: Foul Ball, location: 2F 0-2: Ball 1-2: Strikes out swinging
|
Top of the 5th over - 0 runs, 2 hits, 0 errors, 3 left on base; Milwaukee 0 - Los Angeles 0 |
BOTTOM OF THE 5TH |
Los Angeles Dodgers batting - Pitching for Milwaukee Brewers : RHP Marcus Stroman
|
Batting: SHB Eduardo Escobar
|
0-0: Ball 1-0: Swinging Strike 1-1: Ground out 4-3 (Groundball, 34D, EV 104.4 MPH)
|
Batting: LHB Ji-man Choi
|
0-0: Called Strike 0-1: Ball 1-1: Foul Ball, location: 25F 1-2: Ball 2-2: Strikes out swinging
|
Batting: RHB Travis d'Arnaud
|
0-0: Foul Ball, location: 2F 0-1: Ball 1-1: Foul Ball, location: 9LSF 1-2: Ball 2-2: Foul Ball, location: 2F 2-2: Foul Ball, location: 7LSF 2-2: Fly out, F8 (Flyball, 8RD, EV 109.4 MPH)
|
Bottom of the 5th over - 0 runs, 0 hits, 0 errors, 0 left on base; Milwaukee 0 - Los Angeles 0 |
TOP OF THE 6TH |
Milwaukee Brewers batting - Pitching for Los Angeles Dodgers : RHP Grayson Rodriguez
|
Batting: RHB Oswald Peraza
|
0-0: Swinging Strike 0-1: Fly out, F8 (Flyball, 89D, EV 97.5 MPH)
|
Batting: LHB Daulton Varsho
|
0-0: Ball 1-0: Swinging Strike 1-1: Foul Ball, location: 2F 1-2: Ball 2-2: Strikes out swinging
|
Batting: LHB Eric Hosmer
|
0-0: Ball 1-0: Called Strike 1-1: Foul Ball, location: 5F 1-2: Strikes out looking
|
Top of the 6th over - 0 runs, 0 hits, 0 errors, 0 left on base; Milwaukee 0 - Los Angeles 0 |
BOTTOM OF THE 6TH |
Los Angeles Dodgers batting - Pitching for Milwaukee Brewers : RHP Marcus Stroman
|
Batting: RHB Miguel Rojas
|
0-0: Called Strike 0-1: Foul Ball, location: 9LSFF 0-2: Ball 1-2: Foul Ball, location: 23FF 1-2: Foul Ball, location: 5F 1-2: Ball 2-2: Foul Ball, location: 3FF 2-2: Foul Ball, location: 2F 2-2: Ball 3-2: Fly out, F9 (Flyball, 9D, EV 99.4 MPH)
|
Batting: LHB Michael Brantley
|
0-0: Called Strike 0-1: Ground out 5-3 (Groundball, 56, EV 109.4 MPH)
|
Batting: RHB Jonathan Schoop
|
0-0: Called Strike 0-1: Ground out 6-3 (Groundball, 56D, EV 104.4 MPH)
|
Bottom of the 6th over - 0 runs, 0 hits, 0 errors, 0 left on base; Milwaukee 0 - Los Angeles 0 |
TOP OF THE 7TH |
Milwaukee Brewers batting - Pitching for Los Angeles Dodgers : RHP Grayson Rodriguez
|
Batting: LHB Kyle Stowers
|
0-0: Ball 1-0: Called Strike 1-1: Foul Ball, location: 3SF 1-2: Ball 2-2: Strikes out swinging
|
Batting: LHB Matt Mervis
|
0-0: Called Strike 0-1: Foul Ball, location: 7LMF 0-2: Strikes out looking
|
Batting: RHB Tyler Stephenson
|
0-0: Called Strike 0-1: Ball 1-1: Swinging Strike 1-2: Strikes out swinging
|
Top of the 7th over - 0 runs, 0 hits, 0 errors, 0 left on base; Milwaukee 0 - Los Angeles 0 |
BOTTOM OF THE 7TH |
Los Angeles Dodgers batting - Pitching for Milwaukee Brewers : RHP Marcus Stroman
|
Pitching: RHP Chad Green
|
|
Batting: LHB Jazz Chisholm Jr.
|
0-0: Called Strike 0-1: DOUBLE (Flyball, 89D, EV 103.1 MPH)
|
Batting: RHB Andrew Vaughn
|
0-0: Ball 1-0: SINGLE (Groundball, 6MD, EV 95.0 MPH) Jazz Chisholm Jr. to third Runner from 3rd tries for Home, SAFE, throw by CF to home
|
Batting: RHB Spencer Torkelson
|
0-0: Foul Ball, location: 2F 0-1: Fielders Choice at 2nd, 4-6 (Groundball, 4, EV 90.0 MPH)
|
Batting: SHB Eduardo Escobar
|
0-0: Ball 1-0: Called Strike Spencer Torkelson steals 2nd base 1-1: Ground out 4-3 (Groundball, 4, EV 85.6 MPH) Spencer Torkelson to third
|
Batting: LHB Ji-man Choi
|
0-0: Swinging Strike 0-1: Fly out, F9 (Flyball, 9, EV 85.6 MPH)
|
Bottom of the 7th over - 1 run, 2 hits, 0 errors, 1 left on base; Milwaukee 0 - Los Angeles 1 |
TOP OF THE 8TH |
Milwaukee Brewers batting - Pitching for Los Angeles Dodgers : RHP Grayson Rodriguez
|
Batting: RHB Orlando Arcia
|
0-0: Ball 1-0: Ball 2-0: Called Strike 2-1: Ball 3-1: Foul Ball, location: 9LSF 3-2: Strikes out swinging, 2-3 out at first.
|
Pitching: LHP Reid Detmers
|
|
Batting: RHB Bo Bichette
|
0-0: Called Strike 0-1: Swinging Strike 0-2: Strikes out looking
|
Batting: SHB Dylan Carlson
|
0-0: Ball 1-0: Called Strike 1-1: Called Strike 1-2: Ball 2-2: Foul Ball, location: 2F 2-2: Foul Ball, location: 25F 2-2: Ball 3-2: Foul Ball, location: 9LSF 3-2: DOUBLE (Line Drive, 9LS, EV 105.0 MPH)
|
Batting: RHB Oswald Peraza
|
0-0: Ball 1-0: Called Strike 1-1: Swinging Strike 1-2: Foul Ball, location: 2F 1-2: Strikes out swinging
|
Top of the 8th over - 0 runs, 1 hit, 0 errors, 1 left on base; Milwaukee 0 - Los Angeles 1 |
BOTTOM OF THE 8TH |
Los Angeles Dodgers batting - Pitching for Milwaukee Brewers : RHP Chad Green
|
Pitching: LHP Aroldis Chapman
|
|
Batting: RHB Travis d'Arnaud
|
0-0: Foul Ball, location: 3F 0-1: Foul Ball, location: 5SF 0-2: Strikes out swinging
|
Batting: RHB Miguel Rojas
|
0-0: Foul Ball, location: 3F 0-1: Ball 1-1: Foul Ball, location: 3F 1-2: SINGLE (Line Drive, 4D, EV 98.1 MPH)
|
Batting: LHB Michael Brantley
|
0-0: Called Strike 0-1: Ball 1-1: Ball 2-1: Ground out 6-3 (Groundball, 6S, EV 68.1 MPH) Miguel Rojas to second
|
Batting: RHB Jonathan Schoop
|
0-0: Called Strike 0-1: Ball 1-1: Foul Ball, location: 2F 1-2: Ball 2-2: Reached via error on a dropped throw from 1B, E1 (Groundball, 34, EV 65.0 MPH) Miguel Rojas to third
|
Batting: LHB Jazz Chisholm Jr.
|
0-0: Fly out, F9 (Line Drive, 9S, EV 92.5 MPH)
|
Bottom of the 8th over - 0 runs, 1 hit, 1 error, 2 left on base; Milwaukee 0 - Los Angeles 1 |
TOP OF THE 9TH |
Milwaukee Brewers batting - Pitching for Los Angeles Dodgers : LHP Reid Detmers
|
Pitching: RHP Ryne Stanek
|
|
Now in LF: Yorvis Torrealba
|
|
Now in CF: Dominic Fletcher
|
|
Batting: LHB Daulton Varsho
|
0-0: Ball 1-0: Called Strike 1-1: Ball 2-1: Foul Ball, location: 7LSF 2-2: Ball 3-2: Strikes out swinging
|
Batting: LHB Eric Hosmer
|
0-0: Swinging Strike 0-1: Swinging Strike 0-2: Ball 1-2: Strikes out swinging
|
Batting: LHB Kyle Stowers
|
0-0: Called Strike 0-1: Ball 1-1: Foul Ball, location: 23FF 1-2: Ball 2-2: Ball 3-2: Base on Balls
|
Batting: LHB Matt Mervis
|
0-0: Called Strike 0-1: Ball 1-1: Fly out, F9 (Flyball, 9S, EV 84.4 MPH)
|
Top of the 9th over - 0 runs, 0 hits, 0 errors, 1 left on base; Milwaukee 0 - Los Angeles 1 |
|